 Dungeon Crawl Stone Soup version 0.25.0-10-g039870ee82 (webtiles) character file.

Game seed: 4524705313786858335

1125 Kold the Cleaver (level 8, -13/62 HPs)
             Began as a Minotaur Gladiator on June 22, 2020.
             Was a Priest of Ru.
             Mangled by an orc warrior
             ... wielding a +0 trident of flaming
              (15 damage)
             ... on level 6 of the Dungeon.
             The game lasted 00:20:09 (6187 turns).

Kold the Cleaver (Minotaur Gladiator)               Turns: 6187, Time: 00:20:09

Health: -13/62     AC:  3    Str: 19    XL:     8   Next: 13%
Magic:  7/7        EV: 13    Int:  5    God:    Ru [***...]
Gold:   288        SH:  0    Dex: 14    Spells: 7/7 levels left

rFire    + . .     SeeInvis .   t - +0 broad axe
rCold    . . .     Gourm    .   (no shield)
rNeg     . . .     Faith    .   b - +0 leather armour
rPois    .         Spirit   .   c - +0 hat
rElec    .         Reflect  .   (no cloak)
rCorr    .         Harm     .   (no gloves)
MR       .....                  (no boots)
Stlth    +.........             (no amulet)
HPRegen  0.00/turn              k - ring of protection from fire
MPRegen  0.10/turn              (no ring)

@: exhausted, lightly drained
A: retaliatory headbutt, horns 2, inhibited regeneration, inability to use
devices
a: Draw Out Power, Renounce Religion


You were on level 6 of the Dungeon.
You worshipped Ru.
Ru was most pleased with you.
You were not hungry.

You visited 2 branches of the dungeon, and saw 7 of its levels.
You also visited: Ossuary.

You collected 288 gold pieces.

Inventory:

Hand Weapons
 a - a +0 war axe
 t - a +0 broad axe (weapon)
Missiles
 d - 4 throwing nets (quivered)
Armour
 b - a +0 leather armour (worn)
 c - a +0 hat (worn)
 h - a +0 buckler
Jewellery
 k - a ring of protection from fire (left hand)
Wands
 s - a wand of polymorph (4)
Scrolls
 g - 2 scrolls of magic mapping
 i - a scroll of enchant weapon {unknown}
 j - a scroll of fog {unknown}
 l - 2 scrolls of random uselessness {unknown}
 n - 3 scrolls of teleportation {unknown}
 p - a scroll of fear {unknown}
 q - 3 scrolls of amnesia {unknown}
 r - 3 scrolls of remove curse {unknown}
 y - a scroll of enchant armour {unknown}
 A - a scroll of identify
Potions
 e - 2 potions of degeneration {unknown}
 m - 2 potions of might
 o - 3 potions of curing
 u - a potion of brilliance {unknown}
 v - a potion of flight {unknown}
 w - a potion of lignification {unknown}
 x - a potion of heal wounds {unknown}
 z - 2 potions of ambrosia {unknown}
Comestibles
 f - 12 rations
 B - 4 chunks of flesh


   Skills:
 - Level 2.5(2.1) Fighting
 + Level 11.7(11.2) Axes
 - Level 2.0(1.7) Throwing
 - Level 3.5(3.1) Dodging


You had 7 spell levels left.
You didn't know any spells.
Your spell library was empty.

Dungeon Overview and Level Annotations

Branches:
Dungeon (6/15)             Temple (1/1) D:6         Ossuary (visited)

Altars:
Dithmenos
Fedhas
Hepliaklqana
Qazlal
Ru
The Shining One

Shops:
D:4 =


Innate Abilities, Weirdness & Mutations

You reflexively headbutt those who attack you in melee.
You have a pair of horns on your head.
You do not regenerate when monsters are visible.
You cannot study or use magical devices.


Message History

The orc warrior hits you with a +0 trident of flaming!!
* * * LOW HITPOINT WARNING * * *
The orc warrior burns you.
* * * LOW HITPOINT WARNING * * *
You hear a shout!
You are restored by drawing out deep reserves of power within.
You feel drained.
The orc warrior is stunned by your will and fails to attack.
You closely miss the orc warrior.
The orc warrior is moderately wounded.
The orc warrior hits you with a +0 trident of flaming!!
* * * LOW HITPOINT WARNING * * *
The orc warrior burns you.
* * * LOW HITPOINT WARNING * * *
You hear a shout!
You're too exhausted to draw out your power.
You completely miss the orc warrior. Your headbutt misses the orc warrior.
The orc warrior is moderately wounded.
The orc warrior hits you with a +0 trident of flaming!
You die...

.. ...... #...# ##
#..#... .. #..#"
#...# ########......
.##..#. #...#
#.....##...... ##
..... #...#
#..........#.. #..
o...
#...###.............
#...##..#
#.....'.............
........#
##..###........#<#..
#..####
##.##.........#.#..
..##.....##
#@#######....#.#..
...........####o#
#....#.#..
..###....oo....o#
#.........
#.....#######
#....#.#.. #.#####
######.#.. #. #.# #.
#.


You could see an orc warrior and an orc priest (blind).

Vanquished Creatures
  A sky beast (D:5)
  An ogre (D:6)
  An elf zombie (Ossuary)
  A water moccasin skeleton (D:4)
  A howler monkey (D:5)
  A crimson imp (D:6)
  A bullfrog zombie (D:3)
  An orc priest (D:5)
  2 jellies
  Natasha (thrice) (D:3)
  Terence (D:2)
  5 worker ants
  A hound zombie (Ossuary)
  5 mummies
  2 worker ant zombies (D:5)
  A howler monkey skeleton (D:4)
  3 gnolls (D:2)
  10 adders
  11 oozes
  An adder zombie (Ossuary)
  2 worms
  4 dart slugs
  2 leopard geckos
  18 orcs
  6 bats
  4 giant cockroaches
  A gnoll zombie (Ossuary)
  9 goblins
  6 hobgoblins
  14 kobolds
  2 quokkas
  6 frilled lizards
  2 goblin zombies (Ossuary)
  A hobgoblin zombie (Ossuary)
  A jackal skeleton (D:5)
  2 jackal zombies (Ossuary)
  2 orc zombies (Ossuary)
  A quokka zombie (D:5)
  4 rats
  A rat zombie (Ossuary)
  A fungus (D:2)
142 creatures vanquished.

Vanquished Creatures (others)
  A fungus (D:2)
  5 toadstools (D:2)
6 creatures vanquished.

Grand Total: 148 creatures vanquished

Notes
Turn   | Place    | Note
-------+----------+-------------------------------------------
     0 | D:1      | Kold the Minotaur Gladiator began the quest for the Orb.
     0 | D:1      | Reached XP level 1. HP: 18/18 MP: 0/0
   150 | D:1      | Reached skill level 4 in Axes
   150 | D:1      | Reached XP level 2. HP: 25/25 MP: 1/1
   302 | D:1      | Reached XP level 3. HP: 29/30 MP: 2/2
   658 | D:2      | Reached skill level 5 in Axes
   984 | D:2      | Reached XP level 4. HP: 36/37 MP: 3/3
  1056 | D:2      | Noticed Terence
  1066 | D:2      | Killed Terence
  1066 | D:2      | Reached skill level 6 in Axes
  1088 | D:2      | Found a sacrificial altar of Ru.
  1088 | D:2      | Found a glowing golden altar of the Shining One.
  1089 | D:2      | Found a stormy altar of Qazlal.
  1089 | D:2      | Found a hazy altar of Hepliaklqana.
  1112 | D:2      | Became a worshipper of Ru the Awakened
  1470 | D:2      | Reached XP level 5. HP: 42/42 MP: 4/4
  1475 | D:2      | Reached skill level 7 in Axes
  2115 | D:3      | Noticed Natasha
  2119 | D:3      | Killed Natasha
  2119 | D:3      | Reached skill level 8 in Axes
  2119 | D:3      | Reached XP level 6. HP: 50/50 MP: 5/5
  2140 | D:3      | Found a shadowy altar of Dithmenos.
  2147 | D:3      | Noticed Natasha
  2157 | D:3      | Killed Natasha
  2472 | D:3      | Noticed Natasha
  2480 | D:3      | Killed Natasha
  2615 | D:3      | Found a blossoming altar of Fedhas.
  2874 | D:4      | Gained mutation: You cannot study or use magical devices.
                  | [Ru sacrifice]
  2874 | D:4      | Reached * piety under Ru
  2874 | D:4      | Reached ** piety under Ru
  2972 | D:4      | Reached skill level 9 in Axes
  3294 | D:4      | Found a sand-covered staircase.
  3301 | Ossuary  | Entered an ossuary
  3317 | Ossuary  | Reached XP level 7. HP: 13/56 MP: 6/6
  3926 | D:4      | Reached skill level 10 in Axes
  4320 | D:4      | Found Ser Rong's Jewellery Emporium.
  4817 | D:5      | Entered Level 5 of the Dungeon
  5369 | D:5      | Reached skill level 11 in Axes
  5580 | D:5      | Reached XP level 8. HP: 57/62 MP: 7/7
  5780 | D:5      | Gained mutation: You do not regenerate when monsters are
                  | visible. [Ru sacrifice]
  5780 | D:5      | Reached *** piety under Ru
  5954 | D:6      | Found a staircase to the Ecumenical Temple.
  5988 | Temple   | Entered the Ecumenical Temple
  6186 | D:6      | HP: 3/62 [orc warrior/+0 trident of flaming (23)]
  6187 | D:6      | Mangled by an orc warrior

Illustrated notes

Levels and vault maps discovered:
D:1:      nagdon_arrival_double_spiral, layout_rooms
D:2:      cheibrodos_fertilizer, layout_basic, grunt_temple_overflow_open,
          uniq_terence
D:3:      layout_loops_ring, lemuel_coloured_pillars_altar,
          nicolae_dithmenos_shadow_blocks, first_ration, uniq_natasha
D:4:      layout_basic, serial_shops, nicolae_shop_behind_doors,
          gup_ossuary_entry_pyramid
D:5:      layout_gridville
D:6:      layout_basic, minmay_temple_entry_waves
Temple:   minmay_temple_curvy_loop

Skill      XL: |  1  2  3  4  5  6  7 |
---------------+----------------------+-----
Axes           | 4 5 6 8 9 11 | 11.7
Fighting       | |  2.5
Throwing       | |  2.0
Dodging        | |  3.5

Action                   |  1- 3 |  4- 6 |  7- 9 || total
-------------------------+-------+-------+-------++-------
Melee: War axe           |    53 |    49 |       ||   102
       Headbutt          |     9 |    21 |    23 ||    53
       Unarmed           |       |     3 |       ||     3
       Broad axe         |       |    79 |   122 ||   201
Invok: Sacrifice Artific |       |     1 |       ||     1
       Draw Out Power    |       |       |     1 ||     1
       Sacrifice Purity  |       |       |     1 ||     1
  Use: Scroll            |       |     3 |       ||     3
       Potion            |       |     2 |       ||     2
 Stab: Invisible         |       |       |     1 ||     1
  Eat: Chunk             |       |     7 |     6 ||    13
       Ration            |       |       |     1 ||     1
Armor: Leather armour    |    10 |    23 |    13 ||    46
Dodge: Dodged            |    42 |    93 |    67 ||   202
